AoeStats
← Red Calypso

Nomad

505120624Analyzed
4v4 RM · 25d ago on Sep 7, 2026· 31m 19s· 8 players
Game mode
Random Map
Map size
231×231
Population
200
Speed
Normal
Resources
Standard
Victory
Conquest
Starting age
Dark Age
Ending age
Imperial Age
RankedLock teamsTeams togetherTeam positionsShared explorationLock speedFull tech treeHidden civsTurbo modeCheats
Victory
Defeat
🇩🇪 Mongols · Germany
1487
+14
🇩🇪 Italians · Germany
1433
+16
🇩🇪 Byzantines · Germany
1421
+16
🇦🇹 Koreans · Austria
1361
+19
🇵🇾 Italians · Paraguay
1492
-19
🇦🇺 Poles · Australia
1447
-17
🇦🇷 Celts · Argentina
1418
-16
🇵🇾 Malay · Paraguay
1351
-13
the_Mandalorian
5:03 Loom
14:28 Feudal Age
14:57 Double-Bit Axe
21:40 Castle Age
20:54 Padded Archer Armor
21:41 Fletching
Josephine Explosiphine
4:45 Loom
14:21 Feudal Age
18:17 Castle Age
16:11 Double-Bit Axe
17:04 Horse Collar
19:26 Bow Saw
19:18 Heavy Plow
22:28 Fishing Lines
23:30 Stone Mining
23:32 Gold Mining
26:31 Wheelbarrow
28:15 Fletching
29:44 Hand Cart
30:22 Padded Archer Armor
30:17 Bodkin Arrow
miguel_carl7s
5:57 Loom
15:40 Feudal Age
15:56 Town Watch
16:01 Double-Bit Axe
21:31 Castle Age
19:37 Fletching
21:58 Bodkin Arrow
22:46 Wheelbarrow
22:09 Fishing Lines
29:53 Gillnets
30:58 Horse Collar
DonNarko
3:09 Loom
12:43 Feudal Age
13:12 Double-Bit Axe
13:46 Fishing Lines
17:32 Wheelbarrow
17:29 Fletching
25:22 Castle Age
Red Calypso
4:32 Loom
15:03 Feudal Age
18:53 Fletching
19:27 Town Watch
27:48 Castle Age
28:40 Double-Bit Axe
4k1m
6:20 Loom
13:45 Feudal Age
17:52 Castle Age
19:19 Fletching
22:27 Bodkin Arrow
29:17 Ballistics
29:17 Padded Archer Armor
vR-MrReD
3:03 Loom
14:32 Feudal Age
18:29 Castle Age
18:23 Fletching
18:29 Double-Bit Axe
20:08 Wheelbarrow
20:18 Gold Mining
20:31 Bodkin Arrow
20:37 Padded Archer Armor
24:26 Fishing Lines
26:39 Ballistics
26:14 Gillnets
32:55 Imperial Age
LukasPlanet
5:32 Loom
13:54 Feudal Age
18:19 Castle Age
16:49 Double-Bit Axe
16:45 Fishing Lines
17:54 Gold Mining
24:08 Fletching
25:22 Wheelbarrow
25:03 Bow Saw
25:40 Gillnets
30:22 Hand Cart
31:15 Gold Shaft Mining
30:30 Stone Mining
Connection lost

Rejoining the realm…

Still unreachable

The connection could not be restored.

Session expired

The server has moved on; the page needs a fresh start.